 Dungeon Crawl Stone Soup version 0.17.0-24-gcfadda4 (webtiles) character file.

2914 dysrexia the Destroyer (level 9, 0/68 HPs)
             Began as a Black Draconian Conjurer on Nov 16, 2015.
             Was a Priest of Sif Muna.
             Slain by an orc warrior
             ... wielding a +1 war axe of chopping
              (4 damage)
             ... on level 7 of the Dungeon.
             The game lasted 00:37:16 (8128 turns).

dysrexia the Destroyer (Black Draconian Conjurer)   Turns: 8128, Time: 00:37:16

Health: 0/68       AC: 14    Str: 14    XL:     9   Next: 50%
Magic:  4/17       EV: 12    Int: 17    God:    Sif Muna [***...]
Gold:   262        SH:  0    Dex: 12    Spells: 4 memorised, 8 levels left

rFire  . . .     SeeInvis +     s - +2 mace (protect)
rCold  . . .     Clarity  .     (armour unavailable)
rNeg   . . .     SustAt   .     (no shield)
rPois  .         Gourm    .     (helmet restricted)
rElec  +         Spirit   .     E - +0 cloak (curse)
rCorr  .         Warding  .     D - +0 pair of gloves
rMut   .         Stasis   .     (no boots)
MR     .....                    (no amulet)
Stlth  +.........               (no ring)
                                (no ring)

@: not resistant to hostile enchantments, very unstealthy
A: breathe lightning, unfitting armour, hooves 1, see invisible, electricity
resistance, strong 1, cold-blooded, AC +7
a: Breathe Lightning, Channel Energy, Forget Spell, Renounce Religion


You were on level 7 of the Dungeon.
You worshipped Sif Muna.
Sif Muna was most pleased with you.
You were hungry.

You visited 1 branch of the dungeon, and saw 8 of its levels.

You collected 262 gold pieces.

Inventory:

Hand Weapons
 s - a +2 mace of protection (weapon)
Missiles
 i - a throwing net (quivered)
 l - 115 stones
 o - 4 needles of sleeping
 y - 18 poisoned needles
Armour
 D - a +0 pair of gloves (worn)
 E - a cursed +0 cloak (worn)
 N - a +0 buckler
Magical Staves
 F - an uncursed staff of conjuration
 K - an uncursed staff of power
Jewellery
 d - an uncursed amulet of inaccuracy
 t - an uncursed ring of teleportation
 u - an uncursed ring of flight {unknown}
 B - an uncursed ring of protection from magic {unknown}
Wands
 g - a wand of fireball (7)
 C - a wand of enslavement (13)
 G - a wand of random effects (23)
 L - a wand of random effects (17)
Scrolls
 c - 2 scrolls of amnesia
 f - 4 scrolls of identify
 j - a scroll of enchant weapon
 v - 4 scrolls of remove curse
 w - a scroll of teleportation
 x - 3 scrolls of immolation
 M - a scroll of acquirement {unknown}
 P - a scroll of noise {unknown}
Potions
 e - 2 potions of cure mutation
 k - 3 potions of brilliance
 m - 6 potions of curing
 n - 2 potions of haste {unknown}
 p - a potion of poison {unknown}
 q - 2 potions of resistance
 r - a potion of cancellation {unknown}
 z - a potion of lignification {unknown}
 A - a potion of heal wounds
 I - a potion of magic
Books
 a - a book of Conjurations

   Spells                             Type                      Level
   a - Magic Dart                     Conjuration                  1
   b - Searing Ray                    Conjuration                  2
   c - Dazzling Spray                 Conjuration/Hexes            3
   d - Fulminant Prism                Conjuration/Hexes            4
   e - Iskenderun's Mystic Blast      Conjuration                  4
   f - Iskenderun's Battlesphere      Conjuration/Charms           5
Comestibles
 b - 4 bread rations
 h - 4 meat rations
 J - a beef jerky
 O - 4 chunks of flesh


   Skills:
 + Level 2.9 Fighting
 - Level 5.0 Maces & Flails
 - Level 1.7 Dodging
 - Level 1.7 Stealth
 + Level 5.8 Spellcasting
 * Level 9.3 Conjurations
 - Level 5.0 Charms


You had 8 spell levels left.
You knew the following spells:

 Your Spells              Type           Power        Failure   Level  Hunger
a - Magic Dart            Conj           ####         1%          1    None
b - Searing Ray           Conj           #####.       1%          2    None
c - Iskenderun's Battles  Conj/Chrm      ####....     21%         5    #####..
d - Dazzling Spray        Conj/Hex       ###.....     8%          3    ##.....


Dungeon Overview and Level Annotations

Branches:
Dungeon (8/15)             Temple (0/1) D:5
   Lair: D:8-11

Altars:
Fedhas
Kikubaaqudgha
Makhleb
Sif Muna
Trog
The Shining One


Innate Abilities, Weirdness & Mutations

You can breathe wild blasts of lightning.
Your glossy black scales are hard (AC +7).
Your body does not fit into most forms of armour.
You are resistant to electric shocks.
You are cold-blooded and may be slowed by cold attacks.
You have large cloven feet.
You have supernaturally acute eyesight.
Your muscles are strong. (Str +2)


Message History

The orc warrior hits you with a war axe of chopping.
* * * LOW HITPOINT WARNING * * *
x2 An ogre comes into view. It is wielding a giant club.
The ogre shouts!
Read which item? (? for menu, Esc to quit)
As you read the scroll labeled EMAETU LEDIMOT, it crumbles to dust.
The creatures around you are filled with an inner flame!
It was a scroll of immolation.
Read which item? (? for menu, Esc to quit)
As you read the scroll labeled WUS AWKITTUQIR, it crumbles to dust.
It is a scroll of enchant weapon.
Enchant which weapon? (? for menu, Esc to quit)
Your +1 mace of protection glows red for a moment.
The orc warrior barely misses you.
Read which item? (? for menu, Esc to quit)
As you read the scroll labeled VUINOA VIOPHYDD, it crumbles to dust.
You feel momentarily disoriented.
It was a scroll of magic mapping.
The orc warrior hits you with a war axe of chopping!
* * * LOW HITPOINT WARNING * * *
You die...

#########.# #.....#
#.........#######<....####### #
'.........'.....#.##........# #
#.........#####.#.##........# #
#########.# #.#...........# #
#########.#####.####........#####
#...............# #........'...#
........#o###########.......#####
#...........#..o@O[......))..)...
#######.#####.##########..#######
..........................#######
..........)...[........[.........
......<...................##.####
####.#..#.#############..###.####
#.#.....................)....[
#.##.#.##############.###.####
####.##.#.# #.###.####


You could see an orc warrior (inner flame) and an ogre (inner flame).

Vanquished Creatures
  The ghost of oplop the Changer, a novice OpTm (D:5)
  A hippogriff (D:4)
  A sky beast (D:7)
  A phantom (D:5)
  2 orc warriors (D:7)
  4 ogres
  The ghost of HungrySpirit the Sneak, an amateur SpNe (D:3)
  A wyvern skeleton (D:6)
  3 giant frogs
  3 scorpions
  5 wights (D:6)
  7 crimson imps
  A centaur zombie (D:6)
  2 giant frog zombies
  A jelly (D:6)
  Ijyb (D:2)
  A centaur skeleton (D:7)
  2 hounds
  2 iguanas
  Terence (D:2)
  6 orc wizards
  A killer bee zombie (D:6)
  5 worker ants
  7 gnolls
  10 adders
  2 river rats (D:4)
  2 adder skeletons
  4 worms
  7 giant geckos
  26 orcs
  9 bats
  4 giant cockroaches
  5 hobgoblins
  4 jackals (D:6)
  A giant gecko skeleton (D:7)
  4 giant newts
  10 goblins
  3 kobolds
  4 quokkas
  2 quokka zombies
  6 rats
163 creatures vanquished.

Notes
Turn   | Place    | Note
--------------------------------------------------------------
     0 | D:1      | dysrexia the Draconian Conjurer began the quest for the Orb.
     0 | D:1      | Reached XP level 1. HP: 14/14 MP: 3/3
   295 | D:1      | Reached XP level 2. HP: 20/20 MP: 0/5
   557 | D:2      | Noticed Terence
   578 | D:1      | Learned a level 2 spell: Searing Ray
   729 | D:2      | Noticed Ijyb
   795 | D:2      | Killed Ijyb
   795 | D:2      | Reached skill level 1 in Maces & Flails
   795 | D:2      | Reached XP level 3. HP: 18/26 MP: 1/6
  1042 | D:2      | Killed Terence
  1042 | D:2      | Reached skill level 5 in Conjurations
  1042 | D:2      | Reached XP level 4. HP: 25/33 MP: 1/7
  1401 | D:3      | Found a blossoming altar of Fedhas.
  1764 | D:3      | Reached XP level 5. HP: 16/38 MP: 3/9
  1970 | D:3      | Noticed HungrySpirit's ghost (amateur SpNe)
  1987 | D:3      | Killed HungrySpirit's ghost
  2390 | D:4      | Noticed a hippogriff
  2397 | D:4      | Killed a hippogriff
  2397 | D:4      | Reached skill level 6 in Conjurations
  2397 | D:4      | Reached XP level 6. HP: 36/45 MP: 1/11
  2417 | D:4      | HP: 2/45 [gnoll/whip (8)]
  2439 | D:4      | Gained mutation: You have supernaturally acute eyesight. [potion of mutation]
  2439 | D:4      | Gained mutation: Your muscles are strong. (Str +2) [potion of mutation]
  2439 | D:4      | Gained mutation: You have large cloven feet. [potion of mutation]
  2450 | D:4      | Noticed an ogre
  2771 | D:3      | Found a deep blue altar of Sif Muna.
  2784 | D:3      | Became a worshipper of Sif Muna the Loreminder
  3087 | D:4      | Killed an ogre
  3120 | D:4      | Your scales start taking on a glossy black colour.
  3120 | D:4      | Gained mutation: You are resistant to electric shocks. [Black Draconian growth]
  3120 | D:4      | Reached XP level 7. HP: 50/50 MP: 6/13
  3127 | D:4      | Found a glowing golden altar of the Shining One.
  3196 | D:4      | Learned a level 5 spell: Iskenderun's Battlesphere
  3287 | D:4      | Noticed an ogre
  3296 | D:4      | Killed an ogre
  3296 | D:4      | Reached skill level 1 in Charms
  3320 | D:4      | Noticed an ogre
  3379 | D:4      | Killed an ogre
  3688 | D:4      | Learned a level 3 spell: Dazzling Spray
  3859 | D:4      | Reached skill level 7 in Conjurations
  3897 | D:5      | Entered Level 5 of the Dungeon
  3923 | D:5      | Reached * piety under Sif Muna
  4143 | D:5      | Reached XP level 8. HP: 51/57 MP: 6/14
  4151 | D:5      | Noticed oplop's ghost (novice OpTm)
  4180 | D:5      | Killed oplop's ghost
  4567 | D:5      | Reached ** piety under Sif Muna
  4567 | D:5      | Reached skill level 5 in Spellcasting
  4725 | D:5      | Found a bloodstained altar of Trog.
  4907 | D:5      | Reached skill level 8 in Conjurations
  5199 | D:5      | Found a staircase to the Ecumenical Temple.
  6243 | D:6      | Found a burning altar of Makhleb.
  6244 | D:6      | Found an ancient bone altar of Kikubaaqudgha.
  6316 | D:6      | Reached skill level 5 in Maces & Flails
  6348 | D:6      | Reached XP level 9. HP: 62/62 MP: 6/17
  6954 | D:7      | Reached skill level 1 in Fighting
  7409 | D:7      | Reached skill level 9 in Conjurations
  7599 | D:7      | Reached *** piety under Sif Muna
  7684 | D:7      | Reached skill level 5 in Charms
  8128 | D:7      | Slain by an orc warrior

Action                   |  1- 3 |  4- 6 |  7- 9 || total
-------------------------+-------+-------+-------++-------
Melee: Unarmed           |    31 |       |       ||    31
       Club              |    15 |       |       ||    15
       Mace              |     1 |    85 |   348 ||   434
Throw: Throwing net      |       |     3 |       ||     3
 Cast: Magic Dart        |    41 |    53 |   102 ||   196
       Searing Ray       |     3 |    13 |    32 ||    48
       Dazzling Spray    |       |       |    31 ||    31
  Use: Scroll            |       |     8 |     3 ||    11
       Potion            |       |     3 |     2 ||     5
 Stab: Sleeping          |       |     2 |     1 ||     3
       Invisible         |       |       |     3 ||     3
  Eat: Chunk             |     1 |     8 |    12 ||    21
       Bread ration      |       |       |     1 ||     1
       Beef jerky        |       |       |     1 ||     1
